 Dungeon Crawl Stone Soup version 0.22.0-6-g71bd7aa (webtiles) character file.

84 Azzok the Digger (level 4, -2/24 HPs)
             Began as a Gargoyle Earth Elementalist on Aug 14, 2018.
             Killed by divine providence
             ... invoked by an orc priest
              (9 damage)
             ... on level 3 of the Dungeon.
             The game lasted 00:03:28 (2371 turns).

Azzok the Digger (Gargoyle Earth Elementalist)      Turns: 2371, Time: 00:03:29

Health: -2/24      AC: 11    Str: 12    XL:     4   Next: 46%
Magic:  7/7        EV: 12    Int: 16    God:
Gold:   136        SH:  0    Dex: 10    Spells: 3/7 levels left

rFire    . . .     SeeInvis .   n - +2 spear (freeze)
rCold    . . .     Gourm    .   (no shield)
rNeg     + . .     Faith    .   c - +0 robe
rPois    ∞         Spirit   .   g - +0 helmet (curse)
rElec    +         Reflect  .   i - +2 cloak {MR+}
rCorr    .         Harm     .   k - +0 pair of gloves
MR       +....                  (no boots)
Stlth    ++........             (no amulet)
HPRegen  0.08/turn              h - +1 ring of protection
MPRegen  0.10/turn              (no ring)

@: no status effects
A: negative energy resistance 1, electricity resistance, unbreathing,
petrification resistance, rot immunity, AC +3
a: no special abilities


You were on level 3 of the Dungeon.
You were not hungry.

You visited 1 branch of the dungeon, and saw 3 of its levels.

You collected 136 gold pieces.

Inventory:

Hand Weapons
 n - a +2 spear of freezing (weapon)
Missiles
 b - 54 stones (quivered)
Armour
 c - a +0 robe (worn)
 g - a cursed +0 helmet (worn)
 i - a +2 cloak of magic resistance (worn)
 k - a +0 pair of gloves (worn)
Jewellery
 h - a +1 ring of protection (left hand)
Scrolls
 a - 2 scrolls of identify {unknown}
 f - 2 scrolls of remove curse {unknown}
 j - a scroll of enchant armour {unknown}
 l - a scroll of enchant weapon {unknown}
 o - a scroll of teleportation {unknown}
 p - 2 scrolls of magic mapping {unknown}
Potions
 e - a potion of might {unknown}
 m - a potion of curing {unknown}
 q - a potion of cancellation {unknown}
Comestibles
 d - 3 rations


   Skills:
 - Level 1.5 Dodging
 - Level 2.1 Stealth
 - Level 2.0 Spellcasting
 + Level 0.6 Conjurations
   Level 0.7 Transmutations
 + Level 6.1 Earth Magic


You had 3 spell levels left.
You knew the following spells:

 Your Spells              Type           Power        Failure   Level  Hunger
a - Sandblast             Erth           ###...       1%          1    #......
b - Stone Arrow           Conj/Erth      ##....       16%         3    ###....

Your spell library contained the following spells:

 Spells                   Type           Power        Failure   Level  Hunger
 Passwall                 Tmut/Erth      ##......     8%          2    ###....
 Lee's Rapid Deconstruct  Erth           ###.......   43%         5    ######.
 Petrify                  Tmut/Erth      ##......     45%         4    #####..


Dungeon Overview and Level Annotations

Branches:
Dungeon (3/15)

Altars:

Annotations:
D:3 Ijyb


Innate Abilities, Weirdness & Mutations

You are resistant to torment.
Your stone body is resilient. (AC +3)
You are immune to poison.
You resist negative energy. (rN+)
You are resistant to electric shocks. (rElec)
You can survive without breathing.
You are immune to petrification.
You are immune to rotting.


Message History

You are too injured to fight recklessly!
You are too injured to fight recklessly!
You are too injured to fight recklessly!
You are too injured to fight recklessly!
You are too injured to fight recklessly!
You are too injured to fight recklessly!
You are too injured to fight recklessly!
You are too injured to fight recklessly!
You are too injured to fight recklessly!
The orc wizard closely misses you.
Things that are here:
a stone; 29 sling bullets The orc wizard hits you but does no damage.
The orc wizard gestures at you while chanting.
The magic dart hits you!
* * * LOW HITPOINT WARNING * * *
Ijyb throws a stone.
The stone hits you but does no damage.
The orc priest calls down the wrath of Beogh upon you.
Beogh smites you!
You die...

▒▒········▒
▒·········▒▒▒▒··▒▒
▒·········▒▒·····▒▒·▒
▒······▒▒▒▒▒········▒
▒······▒ ▒·········
▒▒······▒▒▒▒▒·········
▒···▒···▒▒···········
▒···▒▒▒▒▒▒········▒
▒)···········@b···▒
▒···············†·▒
▒··············o··▒
▒··············g·▒▒▒▒▒·o·
▒···▒▒▒··········oo·····▒
▒▒▒······▒·······So·····▒
▒······▒▒▒·············
▒······▒···············
▒·········▒············


You could see Ijyb, an orc priest, an orc wizard, an adder, 2 orcs and a bat.

Vanquished Creatures
  A gnoll (D:1)
  2 adders (D:2)
  An ooze (D:1)
  2 leopard geckos (D:2)
  5 bats
  2 giant cockroaches (D:1)
  4 goblins
  7 hobgoblins
  4 jackals (D:1)
  A quokka (D:2)
  A ball python (D:3)
  4 frilled lizards
  8 kobolds
  7 rats
49 creatures vanquished.

Notes
Turn   | Place    | Note
-------+----------+-------------------------------------------
     0 | D:1      | Azzok the Gargoyle Earth Elementalist began the quest for the Orb.
     0 | D:1      | Reached XP level 1. HP: 10/10 MP: 3/3
   239 | D:1      | Reached skill level 4 in Earth Magic
   265 | D:1      | Reached XP level 2. HP: 11/15 MP: 1/5
  1193 | D:1      | Reached XP level 3. HP: 19/19 MP: 6/6
  1212 | D:1      | Reached skill level 5 in Earth Magic
  1795 | D:2      | Reached XP level 4. HP: 21/24 MP: 7/7
  1963 | D:2      | Reached skill level 6 in Earth Magic
  1968 | D:2      | Learned a level 3 spell: Stone Arrow
  2362 | D:3      | Noticed Ijyb
  2371 | D:3      | Killed from afar by an orc priest

Skill      XL: |  1  2  3  4 |
---------------+-------------+-----
Earth Magic    | 4 5 6 |  6.1
Dodging        | |  1.5
Stealth        | |  2.1
Spellcasting   | |  2.0
Conjurations   | |  0.6
Transmutations | |  0.7

Action                   |  1- 3 |  4- 6 || total
-------------------------+-------+-------++-------
Melee: Unarmed           |    31 |       ||    31
       Spear             |    33 |    48 ||    81
       Short sword       |    79 |       ||    79
 Cast: Sandblast         |    20 |       ||    20
 Stab: Sleeping          |     3 |     2 ||     5
  Eat: Chunk             |     3 |     2 ||     5
Armor: Robe              |    75 |    21 ||    96
Dodge: Dodged            |   141 |    32 ||   173
